Map: Prion Terraces

Players

MorN - Winner!

  • Race: Terran Terran

naKame

  • Race: Zerg Zerg
  • League: Diamond

VOD

Have the link to the VOD?

Description

Time

  • Played on: Nov. 17, 2015, 1:07 a.m.
  • Length: 8:04
Show
View Real Time Build Order
Export as new Build Order

MorN Terran - Winner!

Build Orders: Liberator Opening, Reaper Expand, MMM Bio 

Get SALT Encoding   

  12  0:00  SCV  
  13  0:13  SCV  
  14  0:17  Supply Depot  
  14  0:25  SCV  
  15  0:38  SCV  
  15  0:40  Barracks  
  16  0:44  Refinery  
  16  0:50  SCV  
  17  1:03  SCV  
  18  1:17  SCV  
  19  1:30  Reaper  
  19  1:31  Orbital Command  
  20  1:39  Command Center  
  20  1:49  Supply Depot  
  20  1:59  SCV  
  21  2:02  Reaper  
  22  2:12  SCV  
  23  2:24  SCV  
  24  2:31  Factory  
  24  2:45  Refinery  
  24  2:48  Command Center  
  24  2:51  SCV  
  25  2:56  Orbital Command  
  25  3:03  SCV, Barracks Reactor  
  26  3:15  SCV  
  27  3:25  SCV  
  27  3:26  Starport  
  28  3:27  SCV  
  29  3:37  SCV  
  29  3:39  SCV  
  31  3:48  Barracks Tech Lab  
  31  3:49  SCV, Hellion x2  
  31  3:51  SCV  
  31  3:52  Liberator  
  37  3:59  Engineering Bay x2  
  37  4:01  SCV  
  38  4:03  SCV  
  38  4:09  Orbital Command  
  42  4:12  Stimpack, Marine  
  42  4:13  SCV  
  42  4:16  Hellion x2  
  48  4:23  Supply Depot, SCV  
  49  4:26  SCV  
  49  4:30  Marine  
  49  4:31  Terran Infantry Weapons Level 1  
  51  4:33  Refinery  
  51  4:35  SCV  
  51  4:37  SCV  
  53  4:40  Hellion  
  53  4:41  Hellion  
  57  4:47  Supply Depot  
  57  4:49  Marine  
  57  4:50  Terran Infantry Armor Level 1, SCV  
  59  4:54  Refinery  
  59  4:56  SCV x2  
  61  5:05  Barracks  
  61  5:06  Barracks  
  61  5:08  SCV x2  
  61  5:10  Factory Reactor  
  61  5:11  SCV  
  64  5:14  Starport Reactor  
  64  5:17  Bunker  
  66  5:21  Marauder  
  66  5:25  SCV  
  67  5:32  SCV x2  
  69  5:37  Supply Depot  
  69  5:45  SCV  
  70  5:50  SCV  
  70  5:51  SCV  
  70  5:54  Supply Depot, Marauder  
  74  6:03  Medivac  
  74  6:04  Medivac  
  77  6:07  Armory, Marine x2  
  77  6:10  Factory Tech Lab  
  79  6:15  Marauder  
  81  6:19  Supply Depot, Marine x2  
  81  6:24  Barracks x2  
  81  6:25  Marine x2  
  85  6:27  Combat Shields  
  85  6:28  SCV x2, Supply Depot  
  87  6:34  Medivac x2  
  87  6:37  Marauder  
  93  6:40  Marine  
  93  6:41  Siege Tank, Orbital Command  
  93  6:42  Supply Depot  
  93  6:43  Supply Depot  
  97  6:47  Marine x3  
  100  6:58  Marauder  
  100  7:00  SCV  
  103  7:09  SCV  
  103  7:19  Marauder  
  103  7:20  Marine x2  
  103  7:21  Barracks Reactor x2  
  107  7:23  SCV x2  
  107  7:26  Supply Depot  
  107  7:27  SCV, Marine x2  
  112  7:32  Factory  
  112  7:39  SCV  
  112  7:40  SCV  
  112  7:41  Marauder  
  112  7:42  Supply Depot  
  120  7:56  Barracks  
  114  7:59  Barracks  
  114  8:00  Barracks  
Show
View Real Time Build Order
Export as new Build Order

naKame Zerg 

Build Orders: Hatch First 

Get SALT Encoding   

  12  0:01  Drone  
  13  0:13  Overlord  
  13  0:18  Drone  
  14  0:38  Drone x3  
  17  0:55  Hatchery  
  17  0:56  Drone  
  17  1:11  Spawning Pool  
  16  1:13  Drone  
  17  1:20  Extractor  
  16  1:36  Drone x3  
  19  1:47  Overlord  
  19  2:02  Queen  
  19  2:08  Hatchery  
  20  2:10  Drone  
  20  2:11  Drone  
  22  2:19  Drone  
  23  2:23  Queen  
  25  2:30  Metabolic Boost  
  24  2:38  Extractor  
  23  2:49  Zergling x6  
  23  2:50  Zergling x2  
  28  2:55  Spore Crawler  
  26  3:03  Drone  
  26  3:04  Drone x3  
  31  3:25  Queen  
  32  3:32  Drone x2  
  34  3:50  Spine Crawler  
  34  3:52  Zergling x2  
  34  3:53  Zergling x4  
  37  3:56  Roach Warren  
  37  3:57  Lair, Extractor  
  37  3:58  Drone x5  
  39  4:22  Drone x2, Overlord x2  
  41  4:26  Extractor  
  40  4:32  Drone, Overlord  
  40  4:37  Overlord x2  
  39  4:47  Spine Crawler  
  39  4:50  Roach x5  
  48  5:05  Drone  
  48  5:06  Drone x2  
  55  5:07  Drone x5  
  56  5:15  Glial Reconstitution  
  56  5:26  Ravager x3  
  56  5:27  Ravager x2  
  54  5:49  Queen  
  49  5:53  Spore Crawler  
  50  6:03  Drone x2  
  50  6:04  Drone x10  
  62  6:08  Spore Crawler  
  61  6:20  Extractor  
  61  6:22  Extractor  
  61  6:25  Drone x3, Queen  
  62  6:29  Drone  
  62  6:30  Drone  
  66  6:35  Extractor  
  66  6:37  Spire  
  64  6:40  Roach x3  
  64  6:42  Hydralisk Den  
  64  6:46  Drone x3  
  72  7:02  Evolution Chamber  
  72  7:03  Drone x3  
  72  7:04  Drone, Spore Crawler  
  72  7:05  Spore Crawler  
  72  7:06  Evolution Chamber, Drone x2  
  59  7:23  Hydralisk x5  
  69  7:31  Overlord  
  69  7:34  Roach x3  
Tags
 
Add a new tag
Caveats
  • Supply blocks, unpowered buildings, or Contaminate may cause inaccurate times.
  • Supply counts are checked every 10 seconds.